Map: Coda EC

Players

AgCl

  • Race: Protoss Protoss

Plasticity - Winner!

  • Race: Terran Terran

VOD

Have the link to the VOD?

Description

Time

  • Played on: May 12, 2015, 6:13 a.m.
  • Length: 9:13
Show
View Real Time Build Order
Export as new Build Order

AgCl Protoss 

Build Orders: Oracle Opening, Oracle Opening 

Get SALT Encoding   

  13  0:13  Pylon  
  12  0:15  Probe  
  13  0:24  Assimilator  
  13  0:27  Probe  
  14  0:40  Probe  
  15  0:50  Gateway  
  15  0:52  Probe (Chrono Boost)  
  17  1:04  Probe (Chrono Boost)  
  18  1:11  Probe (Chrono Boost)  
  18  1:19  Pylon  
  18  1:21  Probe (Chrono Boost)  
  19  1:27  Assimilator  
  19  1:33  Probe (Chrono Boost)  
  19  1:39  Zealot (Chrono Boost)  
  22  1:42  Probe (Chrono Boost)  
  23  1:51  Cybernetics Core, Probe  
  24  2:03  Probe  
  25  2:15  Probe  
  26  2:27  Probe (Chrono Boost)  
  26  2:28  Stargate  
  27  2:30  Warp Gate  
  29  2:39  Mothership Core (Chrono Boost)  
  29  2:46  Pylon  
  29  3:04  Adept  
  31  3:11  Oracle (Chrono Boost)  
  34  3:36  Nexus  
  29  4:03  Void Ray (Chrono Boost)  
  33  4:11  Gateway, Probe  
  34  4:23  Probe  
  35  4:30  Assimilator  
  35  4:35  Probe  
  36  4:44  Pylon  
  36  4:47  Probe  
  36  4:50  Oracle (Chrono Boost)  
  35  4:59  Probe (Chrono Boost)  
  37  5:00  Probe (Chrono Boost)  
  35  5:09  Probe (Chrono Boost)  
  35  5:11  Probe (Chrono Boost)  
  35  5:14  Forge  
  35  5:16  Probe  
  35  5:20  Probe  
  37  5:26  Pylon  
  36  5:28  Probe (Chrono Boost)  
  36  5:34  Stalker  
  35  5:40  Probe (Chrono Boost)  
  36  5:43  Probe (Chrono Boost)  
  36  5:46  Photon Cannon  
  38  5:50  Probe x2 (Chrono Boost)  
  36  6:00  Probe  
  38  6:10  Assimilator  
  35  6:14  Probe (Chrono Boost)  
  35  6:21  Probe (Chrono Boost)  
  37  6:26  Nexus  
  37  6:28  Probe (Chrono Boost)  
  37  6:32  Probe (Chrono Boost)  
  38  6:37  Robotics Facility  
  38  6:38  Probe (Chrono Boost)  
  39  6:41  Probe (Chrono Boost)  
  40  6:52  Probe (Chrono Boost)  
  43  6:55  Mothership Core (Chrono Boost)  
  43  7:00  Probe (Chrono Boost)  
  44  7:04  Assimilator  
  44  7:06  Probe x2  
  44  7:07  Pylon  
  46  7:19  Fleet Beacon  
  46  7:23  Probe (Chrono Boost)  
  46  7:25  Probe (Chrono Boost)  
  46  7:27  Observer (Chrono Boost)  
  49  7:35  Probe (Chrono Boost)  
  51  7:42  Probe (Chrono Boost)  
  51  7:44  Probe (Chrono Boost)  
  52  7:46  Pylon  
  52  7:48  Probe  
  52  7:50  Carrier (Chrono Boost)  
  53  7:52  Probe  
  53  7:57  Twilight Council  
  54  7:59  Probe  
  54  8:00  Probe  
  62  8:13  Probe  
  62  8:15  Probe  
  65  8:23  Pylon  
  62  8:33  Pylon  
  62  8:39  Adept x2  
  65  8:45  Probe  
  65  8:48  Probe, Assimilator  
  67  8:53  Probe, Gateway  
  68  9:01  Adept x2  
Show
View Real Time Build Order
Export as new Build Order

Plasticity Terran - Winner!

Build Orders:  

Get SALT Encoding   

  12  0:01  SCV  
  13  0:13  SCV  
  14  0:32  Supply Depot  
  14  0:41  Refinery  
  14  0:57  Barracks  
  14  1:00  Supply Depot  
  13  1:50  Marine  
  13  1:53  Supply Depot  
  14  1:59  Factory  
  14  2:03  Orbital Command  
  14  2:18  Bunker  
  14  2:29  SCV  
  15  2:30  Marine  
  15  2:34  Barracks  
  16  2:41  SCV  
  16  2:43  Widow Mine  
  19  2:53  SCV  
  19  3:05  SCV  
  19  3:06  Missile Turret  
  20  3:17  SCV, Widow Mine  
  23  3:29  Marine x2  
  23  3:30  SCV  
  23  3:32  Starport  
  26  3:42  SCV  
  27  3:54  SCV  
  26  4:06  SCV, Marine  
  26  4:07  Marine  
  29  4:10  Viking  
  29  4:13  Refinery  
  29  4:14  Factory  
  31  4:28  Command Center  
  31  4:40  Bunker  
  31  4:52  Medivac  
  31  4:59  SCV  
  29  5:02  Marine x2  
  29  5:03  Factory Tech Lab  
  29  5:11  SCV  
  30  5:20  Marine  
  31  5:45  SCV, Siege Tank, Marine x2  
  37  5:50  Barracks  
  37  5:51  Barracks  
  37  5:52  Barracks  
  37  5:54  Starport Tech Lab  
  37  6:03  Marine x2  
  33  6:26  Marine x2  
  33  6:31  Siege Tank  
  38  6:39  SCV x2  
  40  6:51  Stimpack  
  40  6:52  Marine x2  
  40  6:53  Marine x2  
  44  7:05  Viking  
  46  7:10  Orbital Command  
  46  7:16  SCV  
  46  7:19  Missile Turret  
  47  7:29  Siege Tank, Marine x2  
  52  7:36  Marine x2  
  54  7:42  Supply Depot  
  54  7:47  Supply Depot  
  54  7:55  Marine x3  
  57  8:12  Marine x3  
  58  8:14  Siege Tank  
  58  8:19  Marine x2  
  65  8:53  Bunker  
  65  8:54  Bunker x2  
  62  9:06  Missile Turret  
  63  9:12  Missile Turret  
Tags
 
Add a new tag
Caveats
  • Supply blocks, unpowered buildings, or Contaminate may cause inaccurate times.
  • Supply counts are checked every 10 seconds.